 Dungeon Crawl Stone Soup version 0.31-a0-1388-g4b2ba238e7 (webtiles) character file.

Game seed: 10221132321368152979

1718 mandarbmax the Warrior (level 9, -5/102 (118) HPs)
             Began as an Oni Shapeshifter on Dec 25, 2023.
             Slain by a wight
             ... wielding a +2 dire flail of protection
              (8 damage)
             ... on level 6 of the Dungeon.
             The game lasted 00:12:06 (6091 turns).

mandarbmax the Warrior (Oni Shapeshifter)           Turns: 6091, Time: 00:12:06

HP:   -5/102 (118)  AC:  5    Str: 29    XL:     9   Next: 4%
MP:   9/9           EV:  8    Int: 15    God:
Gold: 445           SH:  6    Dex:  7    Spells: 8/8 levels left

rFire   . .          .
                       - Unarmed
rCold   . . .        z - +0 kite shield
rNeg    . . .        a - +0 animal skin
rPois   .            (helmet currently unavailable)
rElec   .            (cloak currently unavailable)
rCorr   .            (gloves unavailable)
SInv    .            (boots unavailable)
Will    .....        (no amulet)
Stlth   +            p - +6 ring of strength
HPRegen 0.37/turn    (no ring)
MPRegen 0.11/turn

%: clarity
@: beast-form, heavily drained
A: beast (slay +3), large, unfitting armour, horns 1, tough skin 1, double
potion healing, drunken brawling, iridescent scales 1, clarity, clever 1,
persistent drain
a: Begin Untransformation


You were on level 6 of the Dungeon.
You were a hulking beast.
You visited 1 branch of the dungeon, and saw 6 of its levels.

You collected 445 gold pieces.

Inventory:

Missiles
 i - a throwing net
 s - 3 boomerangs (quivered)
 B - 4 poisoned darts
Armour
 a - a +0 animal skin (worn)
 f - a +0 cloak
 y - a +0 cloak
 z - a +0 kite shield (worn)
Jewellery
 o - a +6 ring of dexterity
 p - a +6 ring of strength (left hand)
 u - an amulet of faith
Talismans
 c - a beast talisman
 d - a flux talisman
Wands
 b - a wand of polymorph (5)
 n - a wand of flame (6)
 w - a wand of charming (11)
Scrolls
 e - a scroll of vulnerability
 h - a scroll of noise
 m - a scroll of fog
 q - 2 scrolls of revelation
 r - 3 scrolls of poison
Potions
 g - a potion of enlightenment
 k - 3 potions of brilliance
 l - a potion of resistance


   Skills:
 * Level 15.7 Fighting
 - Level 2.0 Dodging
 - Level 3.0 Unarmed Combat
 + Level 6.7 Shapeshifting


You had 8 spell levels left.
You didn't know any spells.
Your spell library contained the following spells:

 Spells                   Type           Power      Damage    Failure   Level
 Foxfire                  Conj/Fire      0%         2x1d4     50%         1
 Freeze                   Ice            0%         1d3       50%         1
 Slow                     Hex            0%         N/A       50%         1
 Sting                    Conj/Alch      0%         1d3       50%         1
 Cigotuvi's Dreadful Rot  Necr/Alch/Air  0%         N/A       65%         2
 Sublimation of Blood     Necr           0%         N/A       65%         2
 Confusing Touch          Hex            0%         N/A       86%         3
 Sigil of Binding         Hex            0%         N/A       86%         3
 Vampiric Draining        Necr           0%         2d6       86%         3
 Fulminant Prism          Conj/Alch      0%         3d5       99%         4
 Ignite Poison            Fire/Alch      0%         N/A       99%         4
 Petrify                  Alch/Erth      0%         N/A       99%         4
 Sticky Flame             Fire/Alch      0%         2d4       99%         4
 Freezing Cloud           Conj/Ice/Air   0%         6-21      100%        5
 Irradiate                Conj/Alch      0%         3d11      100%        5
 Plasma Beam              Fire/Air       0%         2x1d10    100%        6
 Starburst                Conj/Fire      0%         6d3       100%        6


Dungeon Overview and Level Annotations

Branches:
Dungeon (6/15)
 Temple: D:4-7

Altars:
Dithmenos
Uskayaw

Shops:
D:3 [   D:5 [

Annotations:
D:6 Edmund


Innate Abilities, Weirdness & Mutations

You are a hulking beast.
Your limbs bulge with bestial killing power. (Slay +3)
You are too large for most types of armour.
You have a pair of small horns on your head.
You have tough skin. (AC +1)
You gain doubled healing and magic from potions.
Whenever you drink a healing potion, you attack all around you.
You are partially covered in iridescent scales. (AC +2)
You possess an exceptional clarity of mind.
Your mind is acute. (Int +4, Str/Dex -1)
Your health recovers twice as slowly from being drained.


Message History

Edmund hits you with a +2 flail of protection!
* * * LOW HITPOINT WARNING * * *
As you read the scroll of teleportation, it crumbles to dust.
You feel strangely unstable. You block Edmund's attack.
Unknown command.
The wight attacks as it pursues you! The wight hits you with a +0 falchion.
* * * LOW HITPOINT WARNING * * *
You feel drained. The wight attacks as it pursues you!
You block the wight's attack.
You hit the wight but do no damage.
The wight is severely damaged.
The wight barely misses you.
You barely miss the wight.
The wight is severely damaged.
Your surroundings seem slightly different.
Unknown command.
Okay, then.
Okay, then.
It was a potion of mutation.
You feel extremely strange.
Iridescent scales grow over part of your body.
You begin to recover more slowly from draining effects.
Your thoughts seem clearer.
You feel clever.
As you read the scroll labelled DURYXZEUMN, it crumbles to dust.
It is a scroll of amnesia.
You feel forgetful for a moment.
As you read the scroll labelled HOTUEBBEOWK, it crumbles to dust.
It is a scroll of enchant weapon.
You aren't carrying any weapons that can be enchanted.
The wight hits you with a +0 great sword!
* * * LOW HITPOINT WARNING * * *
You feel drained.
* * * LOW HITPOINT WARNING * * *
Okay, then.
Okay, then.
Edmund attacks as he pursues you! Edmund barely misses you.
The wight hits you with a +0 great sword.
* * * LOW HITPOINT WARNING * * *
You feel drained.
The wight hits you with a +2 dire flail of protection!
You die...

#..# . ......##
...###.. .......#
........ .......#
......## .....#
..###..######...#
#.####....##....##
.......##......z@#
....)..###....zz.#
..###..# #......h#
... .....#.#...#.#
...####..#.......#
#.. .##......[#
#... .##.#...#.#
.. ###.(.....#
#.......# .#.. #.#


You could see Edmund and 3 wights.

Vanquished Creatures
  Sigmund (D:3)
  Eustachio (D:4)
  Menkaure (D:5)
  A black bear (D:6)
  A centaur (D:6)
  2 bullfrogs (D:6)
  A gnoll sergeant (D:5)
  3 scorpions
  3 wights (D:6)
  2 bombardier beetles
  2 hounds (D:6)
  2 jellies
  Crazy Yiuf (D:3)
  2 iguanas
  2 orc wizards
  Robin (D:3)
  7 gnolls
  11 adders
  A white imp (D:5)
  6 dart slugs
  8 orcs
  3 ball pythons
  9 bats
  9 endoplasms
  4 giant cockroaches
  12 goblins
  6 hobgoblins
  4 jackals (D:4)
  7 quokkas
  6 frilled lizards
  5 kobolds
  6 rats
130 creatures vanquished.

Notes
Turn   | Place    | Note
-------+----------+-------------------------------------------
     0 | D:1      | mandarbmax the Oni Shapeshifter began the quest for the
                  | Orb.
     0 | D:1      | Reached XP level 1. HP: 19/19 MP: 1/1
   130 | D:1      | Reached XP level 2. HP: 19/28 MP: 2/2
   297 | D:1      | Reached skill level 2 in Fighting
   788 | D:1      | Reached skill level 3 in Fighting
  1004 | D:2      | Reached XP level 3. HP: 36/37 MP: 3/3
  1146 | D:2      | Reached skill level 4 in Fighting
  1437 | D:2      | Reached XP level 4. HP: 49/49 MP: 4/4
  1613 | D:2      | Reached skill level 5 in Fighting
  1790 | D:2      | Found a faded altar of an unknown god.
  1950 | D:3      | Found a shadowy altar of Dithmenos.
  2020 | D:3      | Noticed Robin
  2039 | D:3      | Killed Robin
  2042 | D:3      | Reached skill level 6 in Fighting
  2046 | D:3      | Reached XP level 5. HP: 47/59 MP: 5/5
  2145 | D:3      | Found Teergheli's Antique Armour Shoppe.
  2282 | D:3      | Found a runed translucent door.
  2283 | D:3      | Noticed Crazy Yiuf
  2305 | D:3      | Noticed Sigmund
  2413 | D:3      | Killed Sigmund
  2414 | D:3      | Reached skill level 8 in Fighting
  2414 | D:3      | Reached XP level 6. HP: 74/74 MP: 6/6
  2696 | D:3      | Killed Crazy Yiuf
  2697 | D:3      | Reached skill level 9 in Fighting
  2830 | D:4      | Noticed Eustachio
  2965 | D:4      | Killed Eustachio
  2966 | D:4      | Reached skill level 10 in Fighting
  2966 | D:4      | Reached XP level 7. HP: 19/87 MP: 7/7
  3017 | D:4      | Reached skill level 5 in Shapeshifting
  3642 | D:4      | Reached skill level 11 in Fighting
  3911 | D:4      | Got the Elucidation of Glaciation and Alteration
  3989 | D:5      | Entered Level 5 of the Dungeon
  4253 | D:5      | Reached skill level 12 in Fighting
  4406 | D:5      | Found Bouca's Antique Armour Emporium.
  4784 | D:4      | Reached XP level 8. HP: 65/101 MP: 0/8
  4895 | D:5      | Noticed Menkaure
  4902 | D:5      | Killed Menkaure
  4903 | D:5      | Reached skill level 13 in Fighting
  4980 | D:5      | Found a hide-covered altar of Uskayaw.
  5693 | D:6      | Reached skill level 14 in Fighting
  5797 | D:6      | Reached skill level 15 in Fighting
  6007 | D:6      | Reached XP level 9. HP: 97/118 MP: 9/9
  6071 | D:6      | Noticed Edmund
  6087 | D:6      | Gained mutation: You are partially covered in iridescent
                  | scales. (AC +2) [potion of mutation]
  6087 | D:6      | Gained mutation: Your health recovers twice as slowly from
                  | being drained. [potion of mutation]
  6087 | D:6      | Gained mutation: You possess an exceptional clarity of
                  | mind. [potion of mutation]
  6087 | D:6      | Gained mutation: Your mind is acute. (Int +4, Str/Dex -1)
                  | [potion of mutation]
  6089 | D:6      | HP: 5/103 [wight/+0 great sword (3)]
  6091 | D:6      | Slain by a wight

Illustrated notes

Levels and vault maps discovered:
D:1:      minmay_arrival_arboretum_large, layout_loops_corners,
          minmay_gold_behind_fungi
D:2:      layout_loops_corners, shapermc_ecumenical_altar_mp_vishouse,
          minmay_misc_feat_cross, minmay_heptomino_l4
D:3:      layout_basic, nicolae_dithmenos_shadow_blocks, serial_shops, shop,
          uniq_sigmund, uniq_robin, uniq_crazy_yiuf_cottage
D:4:      layout_loops_cross, uniq_eustachio
D:5:      layout_loops_cross, kennysheep_little_box, serial_shops, shop,
          nrook_loot_triangle, uniq_menkaure
D:6:      layout_rooms, temple_hall, uniq_edmund

Skill      XL: |  1  2  3  4  5  6  7  8 |
---------------+-------------------------+-----
Dodging        | 2 |  2.0
Fighting       | 3 4 6 8 10 12 15 | 15.7
Unarmed Combat | 3 |  3.0
Shapeshifting  | 4 5 6 |  6.7

Action                     |  1- 3 |  4- 6 |  7- 9 || total
---------------------------+-------+-------+-------++-------
  Melee: Unarmed           |    88 |   122 |   184 ||   394
         Headbutt          |     9 |    13 |    35 ||    57
         Punch             |     3 |     1 |     2 ||     6
  Throw: Dart              |       |       |    17 ||    17
         Boomerang         |       |       |    20 ||    20
    Use: Potion            |       |     6 |     3 ||     9
         Scroll            |       |     5 |     6 ||    11
   Stab: Sleeping          |     2 |       |       ||     2
 Armour: Animal skin       |    48 |    67 |   136 ||   251
         Skin              |       |     9 |       ||     9
  Dodge: Dodged            |    35 |    51 |    84 ||   170
  Block: Kite shield       |       |       |    36 ||    36

Table legend: (Time is in decaauts)
 A = Elapsed time spent in this place.
 B = Non-inter-level travel time spent in this place.
 C = Inter-level travel time spent in this place.
 D = Time resting spent in this place.
 E = Time spent auto-exploring this place.
 F = Levels seen in this place.
 G = Mean time per level.
                   A        B        C        D        E       F      G
               +--------+--------+--------+--------+--------+-----+--------+
         Total |   6075 |   5847 |    228 |    876 |   3972 |   6 | 1012.5 |
       Dungeon |   6075 |   5847 |    228 |    876 |   3972 |   6 | 1012.5 |
               +--------+--------+--------+--------+--------+-----+--------+

Top non-repeatable levels by time:
     D:4: 1767 daAuts
     D:5: 1053 daAuts
     D:2: 971 daAuts
     D:1: 932 daAuts
     D:3: 930 daAuts
     D:6: 421 daAuts
